AoeStats
← sebastian-308

Hideout

514166314Analyzed
2v2 RM · 2d ago on Oct 17, 2026· 90m 4s· 4 players
Game mode
Random Map
Map size
Medium (4 player)
Population
200
Speed
Normal
Resources
Standard
Victory
Conquest
Starting age
Dark Age
Ending age
Imperial Age
RankedLock teamsTeams togetherTeam positionsShared explorationLock speedFull tech treeHidden civsTurbo modeCheats
Victory
Defeat
🇨🇴 Huns · Colombia
818
+15
🇨🇴 Goths · Colombia
818
+16
vs
🇧🇷 Vietnamese · Brazil
828
-16
🇺🇸 Huns · United States
795
-15
INTER6636
0:36 Loom
12:36 Feudal Age
13:53 Horse Collar
19:37 Castle Age
18:51 Double-Bit Axe
31:14 Imperial Age
36:17 Scale Barding Armor
36:23 Forging
36:14 Scale Mail Armor
40:50 Wheelbarrow
40:03 Town Watch
41:23 Squires
41:09 Arson
42:54 Padded Archer Armor
44:46 Bow Saw
46:46 Chemistry
49:44 Fletching
53:14 Hand Cart
RAFAOalexandre
7:13 Loom
10:33 Feudal Age
11:06 Double-Bit Axe
13:57 Gold Mining
14:21 Horse Collar
17:43 Padded Archer Armor
22:47 Castle Age
20:51 Stone Mining
23:11 Fletching
23:41 Pikeman
28:55 Bloodlines
32:43 Wheelbarrow
37:45 Husbandry
37:22 Elite Skirmisher
38:26 Scale Barding Armor
39:45 Chatras
50:35 Forging
51:15 Scale Mail Armor
53:08 Thumb Ring
58:20 Squires
58:24 Heavy Plow
60:50 Hand Cart
62:25 Arson
65:00 Chain Mail Armor
65:21 Iron Casting
68:56 Imperial Age
67:07 Town Watch
70:11 Plate Mail Armor
69:42 Light Cavalry
71:09 Bodkin Arrow
71:29 Leather Archer Armor
72:48 Bracer
74:26 Ring Archer Armor
74:24 Crossbowman
76:25 Ballistics
77:45 Crop Rotation
77:24 Imperial Skirmisher
81:20 Halberdier
83:46 Bow Saw
84:44 Chain Barding Armor
88:55 Chemistry
sebastian-308
0:34 Loom
12:21 Feudal Age
12:50 Man-at-Arms
16:58 Scale Mail Armor
17:10 Forging
26:32 Castle Age
24:20 Horse Collar
24:30 Double-Bit Axe
24:51 Stone Mining
29:51 Pikeman
30:33 Squires
33:30 Wheelbarrow
32:58 Heavy Plow
33:12 Bow Saw
33:38 Elite Skirmisher
44:04 Stone Shaft Mining
43:48 Chain Mail Armor
45:21 Iron Casting
47:30 Padded Archer Armor
47:21 Fletching
49:05 Leather Archer Armor
oscartronico
11:14 Feudal Age
16:12 Castle Age
16:20 Loom
16:17 Elite Skirmisher
24:43 Pikeman
25:51 Fletching
27:55 Double-Bit Axe
29:22 Bodkin Arrow
35:54 Thumb Ring
36:12 Ballistics
35:55 Padded Archer Armor
42:06 Imperial Age
43:07 Bloodlines
44:31 Husbandry
45:16 Bracer
46:16 Cavalier
49:02 Leather Archer Armor
48:54 Halberdier
51:21 Squires
55:48 Paladin
73:14 Scale Barding Armor
73:20 Forging
75:20 Chain Barding Armor
75:36 Iron Casting
Connection lost

Rejoining the realm…

Still unreachable

The connection could not be restored.

Session expired

The server has moved on; the page needs a fresh start.